 Dungeon Crawl Stone Soup version 0.18.1-50-g88ac8fd (webtiles) character file.

154 Nordron the Changer (level 5, -3/33 HPs)
             Began as an Octopode Transmuter on Sept 24, 2016.
             Killed by divine providence
             ... invoked by an orc priest
              (14 damage)
             ... on level 3 of the Dungeon.
             The game lasted 00:12:59 (3268 turns).

Nordron the Changer (Octopode Transmuter)           Turns: 3268, Time: 00:12:59

Health: -3/33      AC:  1    Str:  9    XL:     5   Next: 35%
Magic:  8/8        EV: 12    Int: 16    God:
Gold:   148        SH:  0    Dex: 13    Spells: 2 memorised, 4 levels left

rFire  . . .     SeeInvis .     g - +0 whip
rCold  . . .     Gourm    .     (no shield)
rNeg   . . .     Faith    .     (helmet restricted)
rPois  .         Spirit   .     (no amulet)
rElec  .         Dismiss  .     r - ring of resist corrosion
rCorr  +         Reflect  .     (no ring)
SustAt .         Harm     .     (no ring)
MR     .....                    (no ring)
Stlth  ++........               (no ring)
                                (no ring)
                                (no ring)
                                (no ring)

@: appendage (expiring), not resistant to hostile enchantments, unstealthy
A: almost no armour, amphibious, 8 rings, constrict 8, tentacle spike 3,
camouflage 1, gelatinous body 1
a: End Transformation


You were on level 3 of the Dungeon.
You were not hungry.
One of your tentacles had a temporary spike.
You visited 1 branch of the dungeon, and saw 3 of its levels.

You collected 148 gold pieces.

Inventory:

Hand Weapons
 g - a +0 whip (weapon)
Missiles
 a - 65 arrows
 n - a throwing net (quivered)
Magical Staves
 l - an uncursed staff of conjuration
Jewellery
 r - a ring of resist corrosion (left tentacle)
Wands
 k - a wand of lightning (7/15)
Scrolls
 d - a scroll of teleportation {unknown}
 i - a scroll of recharging {unknown}
 o - a scroll of amnesia {unknown}
 p - a scroll of magic mapping {unknown}
Potions
 e - 2 potions of brilliance {unknown}
 f - 3 potions of curing {unknown}
 j - a potion of might {unknown}
 q - a potion of flight {unknown}
Books
 b - a book of Changes

   Spells                             Type                      Level
   a - Beastly Appendage              Transmutation                1
   b - Sticks to Snakes               Transmutation                2
   c - Spider Form                    Transmutation/Poison         3
   d - Ice Form                       Ice/Transmutation            4
   e - Blade Hands                    Transmutation                5
Comestibles
 c - a bread ration
 h - 2 meat rations
 m - 3 chunks of flesh


   Skills:
 - Level 1.0 Fighting
 - Level 2.0 Dodging
 - Level 3.0 Unarmed Combat
 - Level 2.0 Spellcasting
 * Level 5.4 Transmutations


You had 4 spell levels left.
You knew the following spells:

 Your Spells              Type           Power        Failure   Level  Hunger
a - Beastly Appendage     Trmt           ###...       2%          1    #......
b - Spider Form           Trmt/Pois      ##........   21%         3    ###....


Dungeon Overview and Level Annotations

Branches:
Dungeon (3/15)

Altars:
Kikubaaqudgha
Ru


Innate Abilities, Weirdness & Mutations

You cannot wear most types of armour.
You are amphibious.
You can wear up to eight rings at the same time.
You can use your tentacles to constrict eight enemies at once.
Your skin changes colour to match your surroundings (Stealth).
Your rubbery body absorbs attacks (AC +1).
One of your tentacles bears a large vicious spike.


Message History

Okay, then.
An orc comes into view. It is wielding a whip.
An orc wizard comes into view. It is wielding a dagger.
The orc priest calls down the wrath of Beogh upon you.
Beogh smites you!
You hear a shout!
The orc wizard shouts!
You hit the orc priest. You grab the orc priest.
The orc priest is moderately wounded.
Your transformation is almost over.
You constrict the orc priest, but do no damage.
The orc priest hits you with a mace!
You hit the orc priest.
The orc priest is heavily wounded.
You constrict the orc priest. The orc priest misses you.
You hit the orc priest but do no damage.
The orc priest is heavily wounded.
You constrict the orc priest.
The orc priest calls down the wrath of Beogh upon you.
Beogh smites you!
You die...

#### #... ########
#.## #......# ###
#.## ##......# #.#
#.## #.......#
#.###.## #.......#
#.....## #.@.##.##
#.......
###o##.#####.###.##
....o...............
.###.##.......###.##
#o########.# #.# #.#
#.# #.# #.# #.# ..
.. ... ..#


You could see an orc priest, an orc wizard and an orc.

Vanquished Creatures
  An orc wizard (D:2)
  3 gnolls (D:2)
  3 adders
  2 oozes (D:2)
  A worm (D:2)
  A dart slug (D:1)
  2 giant geckos (D:1)
  An orc (D:3)
  5 bats
  6 giant cockroaches
  7 hobgoblins
  A ball python (D:3)
  A giant newt (D:1)
  7 goblins
  5 kobolds
  8 rats
54 creatures vanquished.

Notes
Turn   | Place    | Note
--------------------------------------------------------------
     0 | D:1      | Nordron the Octopode Transmuter began the quest for the Orb.
     0 | D:1      | Reached XP level 1. HP: 13/13 MP: 3/3
   295 | D:1      | Reached XP level 2. HP: 10/18 MP: 3/5
   602 | D:1      | Reached skill level 3 in Transmutations
   923 | D:1      | Reached XP level 3. HP: 18/23 MP: 4/6
  1477 | D:2      | Learned a level 3 spell: Spider Form
  1620 | D:2      | Found a sacrificial altar of Ru.
  1635 | D:2      | Reached skill level 4 in Transmutations
  1635 | D:2      | Reached XP level 4. HP: 6/28 MP: 5/7
  1950 | D:2      | Found an ancient bone altar of Kikubaaqudgha.
  2164 | D:2      | Reached skill level 5 in Transmutations
  2184 | D:2      | Reached XP level 5. HP: 13/33 MP: 6/8
  3268 | D:3      | Killed from afar by an orc priest

Skill      XL: |  1  2  3  4 |
---------------+-------------+-----
Transmutations | 3 4 5 |  5.4
Fighting       | |  1.0
Dodging        | |  2.0
Unarmed Combat | |  3.0
Spellcasting   | |  2.0

Action                   |  1- 3 |  4- 6 || total
-------------------------+-------+-------++-------
Melee: Unarmed           |    18 |       ||    18
       Kick              |    17 |    25 ||    42
       Constrict         |    19 |    21 ||    40
       Tentacles         |    11 |    13 ||    24
       Whip              |    37 |    86 ||   123
       Club              |    13 |       ||    13
       Punch             |       |     2 ||     2
 Cast: Beastly Appendage |    23 |    18 ||    41
 Stab: Sleeping          |     3 |     2 ||     5
  Eat: Chunk             |     3 |     5 ||     8
Armor: Skin              |     3 |     4 ||     7
Dodge: Dodged            |    36 |    60 ||    96
